AoeStats
← Bliitzz67

Lombardia

509577827Analyzed
3v3 RM · 6d ago on Sep 27, 2026· 45m 47s· 6 players
Game mode
Random Map
Map size
Normal (6 player)
Population
200
Speed
Normal
Resources
Standard
Victory
Conquest
Starting age
Dark Age
Ending age
Imperial Age
RankedLock teamsTeams togetherTeam positionsShared explorationLock speedFull tech treeHidden civsTurbo modeCheats
Victory
Defeat
🇫🇷 Saracens · France
1103
+14
🇨🇳 Italians · China
1099
+14
🇺🇸 Franks · United States
1035
+18
🇦🇹 Saxons · Austria
1090
-16
🇫🇷 Mongols · France
1058
-15
🇹🇷 Dravidians · Türkiye
1045
-15
Bliitzz67
0:30 Loom
10:11 Feudal Age
15:17 Castle Age
14:04 Double-Bit Axe
19:34 Horse Collar
24:30 Wheelbarrow
29:38 Imperial Age
27:49 Fletching
28:00 Padded Archer Armor
28:28 Bow Saw
29:19 Bodkin Arrow
29:48 Gold Mining
30:22 Leather Archer Armor
32:50 Chemistry
32:01 Husbandry
33:12 Bracer
34:03 Bloodlines
35:02 Light Cavalry
36:20 Hussar
42:00 Forging
41:55 Scale Barding Armor
HOOLA | Thorfast
10:08 Feudal Age
14:36 Castle Age
13:02 Loom
16:27 Double-Bit Axe
16:24 Horse Collar
22:21 Wheelbarrow
22:17 Town Watch
24:09 Bow Saw
24:01 Heavy Plow
25:22 Scale Mail Armor
25:32 Forging
27:41 Hand Cart
28:23 Squires
28:08 Arson
32:12 Imperial Age
33:15 Chain Mail Armor
33:36 Iron Casting
32:33 Shield Wall
33:35 Conscription
33:40 Fletching
35:32 Plate Mail Armor
34:55 Fletching
37:44 Two-Man Saw
37:18 Crop Rotation
36:40 Gold Mining
36:40 Stone Mining
36:48 Elite Hearth Troop
41:29 Gold Shaft Mining
Graund
11:28 Feudal Age
15:26 Castle Age
13:36 Double-Bit Axe
14:04 Horse Collar
14:18 Gold Mining
16:42 Bow Saw
16:37 Heavy Plow
18:42 Stone Mining
22:02 Wheelbarrow
25:02 Hand Cart
31:19 Imperial Age
29:44 Padded Archer Armor
29:54 Scale Barding Armor
29:40 Fletching
30:33 Ballistics
31:03 Thumb Ring
31:15 Leather Archer Armor
33:33 Two-Man Saw
32:28 Elite Elephant Archer
34:23 Arson
34:40 Squires
34:02 Pikeman
34:44 Scale Mail Armor
35:22 Medical Corps
35:41 Conscription
36:58 Chemistry
35:45 Halberdier
36:22 Bodkin Arrow
36:58 Ring Archer Armor
36:44 Chain Mail Armor
36:50 Chain Barding Armor
37:37 Bracer
41:25 Elite Skirmisher
42:17 Forging
MacSquare
9:28 Loom
11:14 Feudal Age
15:26 Castle Age
14:42 Double-Bit Axe
21:43 Town Watch
23:20 Bow Saw
23:21 Pikeman
27:56 Wheelbarrow
32:07 Imperial Age
30:19 Scale Barding Armor
31:18 Forging
31:09 Gold Mining
32:24 Cavalier
33:52 Chain Barding Armor
34:55 Paladin
37:58 Conscription
39:15 Scale Mail Armor
41:26 Chain Mail Armor
42:16 Plate Barding Armor
45:27 Iron Casting
45:32 Light Cavalry
DANSLESBOULES
12:04 Feudal Age
15:48 Castle Age
13:56 Double-Bit Axe
13:54 Horse Collar
17:46 Bow Saw
17:49 Loom
20:24 Wheelbarrow
19:35 Town Watch
20:03 Heavy Plow
23:54 Hand Cart
25:38 Gold Mining
28:44 Imperial Age
27:11 Town Patrol
28:25 Forging
28:15 Scale Mail Armor
28:22 Stone Mining
29:06 Husbandry
29:16 Bloodlines
29:43 Iron Casting
29:16 Scale Barding Armor
29:47 Conscription
30:41 Two-Man Saw
30:20 Gold Shaft Mining
30:21 Elite Mameluke
32:09 Blast Furnace
31:46 Chain Barding Armor
32:29 Fletching
33:16 Padded Archer Armor
33:55 Ballistics
33:10 Elite Skirmisher
34:55 Plate Barding Armor
35:29 Bodkin Arrow
36:51 Bracer
42:07 Bimaristan
42:08 Counterweights
285066173
10:32 Feudal Age
16:30 Castle Age
15:09 Double-Bit Axe
15:06 Horse Collar
17:59 Bow Saw
24:05 Heavy Plow
25:33 Wheelbarrow
25:44 Stone Mining
25:44 Gold Mining
29:34 Imperial Age
28:24 Loom
28:59 Hand Cart
28:41 Fletching
28:52 Padded Archer Armor
28:55 Caravan
29:01 Caravan
31:42 Conscription
32:20 Stone Shaft Mining
33:17 Ballistics
35:15 Bodkin Arrow
35:35 Leather Archer Armor
36:01 Pirotechnia
36:46 Thumb Ring
38:39 Ring Archer Armor
38:09 Bracer
39:11 Chemistry
38:39 Elite Genoese Crossbowman
Connection lost

Rejoining the realm…

Still unreachable

The connection could not be restored.

Session expired

The server has moved on; the page needs a fresh start.